[Event "Kragero Resort B 2020"]
[Site "Kragero"]
[Date "2020.02.23"]
[Round "9.12"]
[White "Berg, Thomas"]
[Black "Skogli, Paal"]
[Result "1/2-1/2"]
[ECO "C01"]
[WhiteElo "1636"]
[BlackElo "1801"]
[Annotator "NA"]
[PlyCount "65"]
[EventDate "2020.02.19"]
[EventType "swiss"]
[EventCountry "NOR"]
[SourceTitle "playchess.com"]
[Source "ChessBase"]
[SourceQuality "1"]
[TimeControl "5400+30"]

1. e4 e6 2. d4 d5 3. exd5 exd5 4. Nf3 Nf6 5. h3 Bd6 6. Bd3 {[%emt 0:00:18] C01: French: Exchange Variation.} Nc6 7. c3 Be6 8. Be3 Qd7 9. Nbd2 h6 {[%emt 0:00:23] [#]} 10. Qb3 $146 ({Predecessor:} 10. Nb3 Qe7 11. Qd2 a6 12. a4 Ne4 13. Qc2 f5 14. g3 Rf8 15. Qc1 g5 16. h4 {0-1 (28) Boeru,D (1035)-Nicolae,D (1271) Calimanesti 2015}) 10... Na5 11. Qb5 Qxb5 12. Bxb5+ c6 13. Bd3 b6 14. b4 Nb7 15. a4 a5 16. b5 c5 17. O-O g5 18. Ne5 Bxe5 19. dxe5 Nd7 20. f4 c4 21. Bc2 gxf4 22. Bxf4 Nbc5 23. Nf3 O-O-O 24. Nd4 Rdg8 25. Nc6 (25. Nf5 $16) 25... Kc7 26. Kh2 Re8 27. Rad1 Nd3 $16 ({Better is} 27... Nb3 $14) 28. Bxd3 cxd3 29. Be3 Nc5 30. Bxc5 bxc5 31. Rxd3 Kb6 32. Rf6 h5 33. Rg3 1/2-1/2